 Dungeon Crawl Stone Soup version 0.30.0-29-ga12c61a403 (webtiles) character file.

Game seed: 11954854848861321627

1118 KamiKatze the Chopper (level 8, 0/42 HPs)
             Began as a Vine Stalker Fighter on June 3, 2023.
             Slain by a wyvern (10 damage)
             ... on level 5 of the Dungeon.
             The game lasted 00:13:48 (4605 turns).

KamiKatze the Chopper (Vine Stalker Fighter)        Turns: 4605, Time: 00:13:50

Health: 0/42       AC: 10    Str: 20    XL:     8   Next: 34%
Magic:  0/9        EV: 11    Int:  8    God:
Gold:   269        SH:  5    Dex: 15    Spells: 7/7 levels left

rFire   + . .        a - +0 war axe
rCold   + . .        c - +0 buckler
rNeg    . . .        b - +0 scale mail
rPois   .            (no helmet)
rElec   .            p - scarf {rC+ rF+}
rCorr   .            (no gloves)
SInv    +            (no boots)
Will    +....        (no amulet) Stlth
                     e - +4 ring of protection
HPRegen 1.07/turn    n - ring of see invisible
MPRegen 0.11/turn

%: guardian spirit
@: no status effects
A: fangs 3, regeneration 1, magic shield, antimagic bite, no potion heal 2
a: no special abilities


You were on level 5 of the Dungeon.
You visited 1 branch of the dungeon, and saw 5 of its levels.
You also visited: Sewer.

You collected 269 gold pieces.

Inventory:

Hand Weapons
 a - a +0 war axe (weapon)
 o - a +0 morningstar
 w - the +5 sling "Owneledu" {drain, rF+ rC+ rN+}
   (You found it on level 4 of the Dungeon)

   rF:        It protects you from fire.
   rC:        It protects you from cold.
   rN:        It protects you from negative energy.
Missiles
 t - 2 throwing nets (quivered)
 y - 22 poisoned darts
Armour
 b - a +0 scale mail (worn)
 c - a +0 buckler (worn)
 m - a +0 cloak
 p - a scarf of resistance (worn)
 u - a +0 chain mail
Jewellery
 e - a +4 ring of protection (left hand)
 n - a ring of see invisible (right hand)
Scrolls
 i - 8 scrolls of teleportation
 k - 2 scrolls of magic mapping
 l - a scroll of amnesia {unknown}
 r - 2 scrolls of enchant weapon {unknown}
 s - 2 scrolls of fog {unknown}
 B - a scroll of acquirement {unknown}
Potions
 d - 2 potions of might
 f - a potion of invisibility {unknown}
 g - 2 potions of curing
 h - a potion of berserk rage
 j - 2 potions of haste {unknown}
 q - 3 potions of degeneration
 v - a potion of brilliance {unknown}
 x - a potion of flight
 z - a potion of mutation
 A - 2 potions of heal wounds {unknown}
 C - a potion of lignification {unknown}


   Skills:
 + Level 4.8 Fighting
 * Level 6.1 Axes
 - Level 2.4 Armour
 + Level 3.5 Dodging
 - Level 4.0 Shields


You had 7 spell levels left.
You didn't know any spells.
Your spell library contained the following spells:

 Spells                   Type           Power      Damage    Failure   Level
 Necrotise                Necr           0%         1d4       83%         1
 Vampiric Draining        Necr           0%         2d6       99%         3
 Agony                    Necr           0%         N/A       100%        5


Dungeon Overview and Level Annotations

Branches:
Dungeon (5/15)              Sewer (visited)
 Temple: D:4-7

Altars:
Dithmenos


Innate Abilities, Weirdness & Mutations

You have razor-sharp teeth.
Your natural rate of healing is unusually fast.
When hurt, damage is shared between your health and your magic reserves.
Your bite disrupts and absorbs the magic of your enemies.
Potions cannot restore your health.


Message History

No target in view!
Found an escape hatch in the ceiling.
There is an escape hatch in the ceiling here.
A mysterious force pulls you upwards. The hatch slams shut behind you.
There is a stone staircase leading down here.
You climb downwards.
There is a stone staircase leading up here.
You see here a hound skeleton.
You open the door.
An ufetubus comes into view.
The ufetubus shouts!
An ufetubus is nearby!
You hit the ufetubus but do no damage. The ufetubus barely misses you.
The ufetubus misses you. You block the ufetubus's attack.
The ufetubus barely misses you.
You slash the ufetubus!
You kill the ufetubus!
There is an open door here.
You open the door.
A wyvern comes into view.
The wyvern hisses angrily.
The wyvern bites you! The wyvern bites you.
There is an open door, spattered with blood here.
You hit the wyvern but do no damage. Your bite misses the wyvern.
The wyvern bites you! The wyvern barely misses you.
You are too injured to fight recklessly!
You are too injured to fight recklessly!
You are too injured to fight recklessly!
You hit the wyvern but do no damage. You block the wyvern's attack.
You closely miss the wyvern. You bite the wyvern, but do no damage.
The wyvern bites you!
* * * LOW HITPOINT WARNING * * *
The wyvern bites you but does no damage.
You closely miss the wyvern. You bite the wyvern. You drain its power.
You feel invigorated.
The wyvern is moderately wounded.
The wyvern bites you!
* * * LOW HITPOINT WARNING * * *
The wyvern bites you!
You die...

,,,,***,,,,,,,#...........,,,**,#
,,,,,,,,,,,,,,#...........,,,**,#
,,,,,,,,,,,+*,#...........*****,#
,,,,,,,,,,,**,#...........* *,#
,,,,,,,,,,,**,#...........* *,*
,,,,,,,,,,,**,#...........* *,*
,,,,,,,,,,,**,#...........* *,*
,,,*****,****,#...........* *,*
,,,* *,* *,##@#'###....* *,* ,,,*
*,* *,*#l#.# *,,,.* ***,*
********,****,*#.#.# *,,,,* *,,,*
,,,,,,,,,,,,,,*#.#.# ****** *,***
********,******#.#.# *,,,,
,,,,,,,,,* #.#.# ### *****
,********* #.#.# #<# ,* #.#.# #.#
,***************,#.# #.#


You could see a wyvern.

Vanquished Creatures
  Pargi (D:4)
  3 kobold brigands (Sewer)
  4 scorpions
  4 hounds
  Crazy Yiuf (D:4)
  A gnoll bouda (D:5)
  Terence (D:2)
  Jessica (D:2)
  An iguana (D:5)
  An orc wizard (D:4)
  4 gnolls (D:5)
  2 river rats (Sewer)
  10 adders
  A shadow imp (D:5)
  2 white imps (D:5)
  3 ufetubi
  2 worms
  4 dart slugs
  5 orcs (D:4)
  8 ball pythons
  6 bats
  4 endoplasms
  4 giant cockroaches
  7 goblins
  12 hobgoblins
  2 jackals
  5 quokkas
  5 frilled lizards
  11 kobolds
  10 rats
125 creatures vanquished.

Notes
Turn   | Place    | Note
-------+----------+-------------------------------------------
     0 | D:1      | KamiKatze the Vine Stalker Fighter began the quest for the
                  | Orb.
     0 | D:1      | Reached XP level 1. HP: 11/11 MP: 2/2
   144 | D:1      | Reached skill level 2 in Axes
   144 | D:1      | Reached XP level 2. HP: 14/16 MP: 1/3
   715 | D:2      | Reached XP level 3. HP: 19/19 MP: 4/4
   947 | D:2      | Noticed Terence
   979 | D:2      | Killed Terence
   980 | D:2      | Reached skill level 1 in Dodging
   980 | D:2      | Gained mutation: Your natural rate of healing is unusually
                  | fast. [Vine Stalker growth]
   980 | D:2      | Reached XP level 4. HP: 3/24 MP: 1/5
  1089 | D:2      | Found a faded altar of an unknown god.
  1176 | D:2      | Noticed Jessica
  1181 | D:2      | Killed Jessica
  1631 | D:3      | Reached skill level 3 in Axes
  1631 | D:3      | Reached XP level 5. HP: 28/28 MP: 6/6
  2292 | D:3      | Found a shadowy altar of Dithmenos.
  2778 | D:4      | Reached XP level 6. HP: 32/32 MP: 7/7
  2999 | D:4      | Identified the +5 sling "Owneledu" {drain, rF+ rC+ rN+}
  3029 | D:4      | Reached skill level 4 in Axes
  3111 | D:4      | Noticed Pargi
  3139 | D:4      | Killed Pargi
  3140 | D:4      | Reached XP level 7. HP: 27/37 MP: 3/8
  3589 | D:4      | Found a runed translucent door.
  3590 | D:4      | Noticed Crazy Yiuf
  3596 | D:4      | Killed Crazy Yiuf
  3636 | D:5      | Entered Level 5 of the Dungeon
  3673 | D:5      | Reached skill level 5 in Axes
  3818 | D:5      | Found a glowing drain.
  3831 | Sewer    | Entered a sewer
  3955 | Sewer    | Gained mutation: You have razor-sharp teeth. [Vine Stalker
                  | growth]
  3955 | Sewer    | Reached XP level 8. HP: 42/42 MP: 9/9
  4499 | D:5      | Reached skill level 6 in Axes
  4600 | D:5      | Noticed a wyvern
  4605 | D:5      | Slain by a wyvern

Illustrated notes

Levels and vault maps discovered:
D:1:      heliophobic_arrival_henge, layout_basic
D:2:      layout_loops_ring, chequers_ecumenical_altar_simple,
          minmay_small_reverse_x, uniq_jessica, uniq_terence
D:3:      layout_basic, nicolae_overflow_crystal_walls, saegor_snake_ambush
D:4:      layout_basic, st_stairs_9, minmay_bent, uniq_crazy_yiuf_cottage,
          uniq_pargi
D:5:      layout_basic, portal_sewer_entry_b, serial_shops, shop

Skill      XL: |  1  2  3  4  5  6  7  8 |
---------------+-------------------------+-----
Axes           | 2 3 4 5 6 |  6.1
Shields        | 3 4 |  4.0
Fighting       | 3 4 |  4.8
Dodging        | 1 2 3 |  3.5
Armour         | |  2.4

Action                     |  1- 3 |  4- 6 |  7- 9 || total
---------------------------+-------+-------+-------++-------
  Melee: War axe           |    67 |   141 |   172 ||   380
         Bite              |    15 |    32 |    58 ||   105
    Use: Potion            |     1 |       |       ||     1
         Scroll            |       |       |     7 ||     7
 Armour: Scale mail        |    30 |    94 |    77 ||   201
  Dodge: Dodged            |    23 |    85 |    80 ||   188
  Block: Buckler           |    14 |    42 |    36 ||    92
